cohdb
Replays
Latest Replays
All Replays
Popular Replays
Top Player Replays
Match Explorer
How It Works
Community
CoH3 Stats
Reddit
Sign in to upload your games and track your stats! →
Sign in with Steam
Match 44543279
Unlisted
Match 44543279
Overview
Messages
Build Orders
End
Royal Engineer Section
Construct Section Command Post
Selects Canadian Shock Battlegroup
Dingo Light Scout Car
Infantry Section
Infantry Section
Construct Platoon Command Post
ML 3-inch Mortar Team
Selects Attacking Spirit
Selects Incendiary Munitions
Selects Canadian Shock Section
Unlock M3 Stuart Light Tanks
M3 Stuart Light Tank
6-pounder Anti-tank Gun Team
M3 Stuart Light Tank
Light Vehicle Training
Construct Field Infirmary
Selects Pyrotechnics
Selects Smoke Operation
Canadian Shock Section
Grenade Package
DrewP
猫头鹰
0
0
Comments
sign in to comment!
No comments posted yet!